 Dungeon Crawl Stone Soup version 0.29-a0-284-gf9362112df (webtiles) character file.

Game seed: 3393574777437657974

25 brightf1ame the Scratcher (level 2, 0/12 HPs)
             Began as a Felid Transmuter on Mar 22, 2022.
             Slain by a quokka (4 damage)
             ... on level 2 of the Dungeon.
             The game lasted 00:22:06 (1033 turns).

brightf1ame the Scratcher (Felid Transmuter)        Turns: 1033, Time: 00:22:06

Health: 0/12       AC:  1    Str:  3 (6)  XL:     2   Next: 82%
Magic:  5/6        EV: 17    Int: 13 (14) God:
Gold:   92         SH:  0    Dex: 14 (16) Spells: 4/5 levels left
                                        Lives:  0   Deaths: 0

rFire   . . .      SeeInvis +     - Unarmed
rCold   . . .      Faith    .   (shield unavailable)
rNeg    . . .      Spirit   .   (body armour unavailable)
rPois   .          Reflect  .   (helmet unavailable)
rElec   .          Harm     .   (cloak unavailable)
rCorr   .          Rampage  .   (gloves unavailable)
Will    .....                   (boots unavailable)
Stlth   +.........              (no amulet)
HPRegen 0.04/turn               (no ring)
MPRegen 0.10/turn               (no ring)

@: quick
A: very small, claws 1, fangs 3, see invisible, speed 1, shaggy fur 1, stealthy
paws, no weapons or thrown items, no armour, multi-lived
a: no special abilities


You were on level 2 of the Dungeon.
You visited 1 branch of the dungeon, and saw 2 of its levels.

You collected 92 gold pieces.

Inventory:

Hand Weapons
 b - a +0 dagger of freezing


   Skills:
 + Level 1.0 Fighting
 + Level 3.1 Dodging
 + Level 3.5 Unarmed Combat
 + Level 2.1 Spellcasting
 + Level 2.6 Transmutations


You had 4 spell levels left.
You knew the following spells:

 Your Spells              Type           Power      Damage    Failure   Level
a - Beastly Appendage     Tmut           16%        N/A       9%          1

Your spell library contained the following spells:

 Spells                   Type           Power      Damage    Failure   Level
 Wereblood                Tmut           8%         N/A       13%         2
 Spider Form              Tmut/Pois      4%         N/A       41%         3
 Confusing Touch          Hex            1%         N/A       58%         3
 Ice Form                 Ice/Tmut       4%         N/A       82%         4
 Yara's Violent Unravell  Hex/Tmut       2%         3d3       99%         5
 Enfeeble                 Hex            0%         N/A       100%        7


Dungeon Overview and Level Annotations

Branches:
Dungeon (2/15)

Altars:


Innate Abilities, Weirdness & Mutations

You have sharp claws.
You have razor-sharp teeth.
You have supernaturally acute eyesight. (SInv)
You cover ground quickly. (Speed+)
You are covered in fur. (AC +1)
Your paws help you pounce on unaware monsters.
You are incapable of wielding weapons or throwing items.
You cannot wear armour.
You gain extra lives every three experience levels.


Message History

Anything else - Cancel.
Okay, then.
You can't remove your fur, sorry.
Casting: Beastly Appendage (safe; 9% risk of failure)
Press: ? - help, Q - select action Dir - look around, f - activate You grow a pair of large bovine horns.
Casting: Beastly Appendage (safe; 9% risk of failure)
Press: ? - help, Q - select action Dir - look around, f - activate Look: a goblin, wielding a +0 club You fail to extend your transformation any further.
A goblin comes into view. It is wielding a +0 club.
The goblin shouts!
You scratch the goblin.
You kill the goblin!
A quokka comes into view.
A jackal comes into view.
There is an open door here.
You see here a +0 club.
Your transformation is almost over.
There is an open door here.
You see here a +0 club.
You scratch the rat.
The rat is severely wounded.
The rat completely misses you.
You barely miss the rat.
The rat is severely wounded.
A ball python comes into view.
The rat bites you but does no damage.
The ball python hisses angrily.
You scratch the rat.
You kill the rat!
The quokka misses you.
You closely miss the quokka. Your headbutt misses the quokka.
The quokka bites you.
* * * LOW HITPOINT WARNING * * *
Your horns disappear.
You feel better. The quokka bites you.
You scratch the quokka but do no damage.
The quokka bites you.
You die...

.. .###..# ..#
...#.# $.# ..#.#
#..##.# # #.#.#
....#.. #. #.#.#
##......# #.##...#
##.......#
#....@r####........#
###....hSg)...[.....
##...####.........
#...## ##.......#
#.### ##.....## #<#
#...## #.########
#+## #........# #.#
#.######.# #.# ###


You could see a quokka, a jackal, a goblin and a ball python.

Vanquished Creatures
  A worm (D:2)
  An endoplasm (D:1)
  2 hobgoblins (D:1)
  2 kobolds (D:1)
  A quokka (D:1)
  A ball python (D:1)
  4 bats (D:1)
  5 goblins
  6 rats
23 creatures vanquished.

Notes
Turn   | Place    | Note
-------+----------+-------------------------------------------
     0 | D:1      | brightf1ame the Felid Transmuter began the quest for the
                  | Orb.
     0 | D:1      | Reached XP level 1. HP: 9/9 MP: 4/4
   209 | D:1      | Reached XP level 2. HP: 9/12 MP: 6/6
  1033 | D:2      | Slain by a quokka

Illustrated notes

Levels and vault maps discovered:
D:1:      kennysheep_arrival_seaside, layout_basic, chequers_avenue
D:2:      layout_loops_corners, minmay_octomino_c4

Skill      XL: |  1  2 |
---------------+-------+-----
Dodging        | 3 |  3.1
Fighting       | |  1.0
Unarmed Combat | |  3.5
Spellcasting   | |  2.1
Transmutations | |  2.6

Action                   || total
-------------------------++-------
Melee: Unarmed           ||    58
       Bite              ||     6
       Headbutt          ||     4
       Punch             ||     1
 Cast: Beastly Appendage ||    10
  Use: Potion            ||     5
       Scroll            ||     2
Armor: Skin              ||     2
Dodge: Dodged            ||    31

Table legend: (Time is in decaauts)
 A = Elapsed time spent in this place.
 B = Non-inter-level travel time spent in this place.
 C = Inter-level travel time spent in this place.
 D = Time resting spent in this place.
 E = Time spent auto-exploring this place.
 F = Levels seen in this place.
 G = Mean time per level.
                   A        B        C        D        E       F      G
               +--------+--------+--------+--------+--------+-----+--------+
         Total |    851 |    291 |    560 |     24 |      0 |   2 |  425.5 |
       Dungeon |    851 |    291 |    560 |     24 |      0 |   2 |  425.5 |
               +--------+--------+--------+--------+--------+-----+--------+

Top non-repeatable levels by time:
     D:1: 557 daAuts
     D:2: 294 daAuts
